 Dungeon Crawl Stone Soup version 0.25.1-8-g42b30a86e7 (webtiles) character file.

Game seed: 671882222755049351

952 hawla the Magician (level 7, 0/50 HPs)
             Began as a Black Draconian Conjurer on Dec 4, 2020.
             Was a Follower of Vehumet.
             Succumbed to a scorpion's poison
             ... on level 4 of the Dungeon.
             The game lasted 00:12:42 (5034 turns).

hawla the Magician (Black Draconian Conjurer)       Turns: 5034, Time: 00:12:42

Health: 0/50       AC:  6    Str: 10    XL:     7   Next: 90%
Magic:  4/17       EV: 12    Int: 16    God:    Vehumet [*.....]
Gold:   169        SH:  0    Dex: 11    Spells: 12/20 levels left

rFire    + . .     SeeInvis .   (no weapon)
rCold    + . .     Gourm    .   (no shield)
rNeg     . . .     Faith    .   (armour unavailable)
rPois    +         Spirit   .   (helmet restricted)
rElec    +         Reflect  .   e - scarf {+Inv}
rCorr    +         Harm     .   (no gloves)
MR       .....                  (no boots)
Stlth    ++........             (no amulet)
HPRegen  0.16/turn              (no ring)
MPRegen  0.15/turn              (no ring)

@: lethally poisoned (0 -> -3), resistant, flying
A: breathe lightning, unfitting armour, big wings, hooves 1, dopey 1,
electricity resistance, cold-blooded, AC +6
a: Breathe Lightning, Fly, Renounce Religion, Evoke Invisibility


You were on level 4 of the Dungeon.
You worshipped Vehumet.
Vehumet was aware of your devotion.
You were not hungry.

You visited 1 branch of the dungeon, and saw 4 of its levels.

You collected 169 gold pieces.

Inventory:

Missiles
 k - 12 boomerangs (quivered)
Armour
 e - a scarf of invisibility (worn)
Jewellery
 j - an uncursed ring of ice {unknown}
Scrolls
 d - 2 scrolls of identify
 f - 3 scrolls of amnesia
 i - a scroll of remove curse
Comestibles
 b - 4 rations
 l - 3 chunks of flesh


   Skills:
 - Level 1.7 Dodging
 - Level 1.7 Stealth
 + Level 7.3 Spellcasting
 - Level 4.0 Conjurations
 * Level 4.6 Translocations


You had 12 spell levels left.
You knew the following spells:

 Your Spells              Type           Power        Failure   Level  Hunger
a - Magic Dart            Conj           ###.         2%          1    None
b - Searing Ray           Conj           ###...       3%          2    None
c - Iskenderun's Mystic   Conj/Tloc      ###.....     21%         4    ####...
d - Freeze                Ice            #...         12%         1    None

Your spell library contained the following spells:

 Spells                   Type           Power        Failure   Level  Hunger
 Dazzling Flash           Conj/Hex       ##....       16%         3    ##.....
 Fulminant Prism          Conj/Hex       ##........   47%         4    ####...


Dungeon Overview and Level Annotations

Branches:
Dungeon (4/15)             Temple (0/1) D:4

Altars:
Kikubaaqudgha
Uskayaw
Vehumet


Innate Abilities, Weirdness & Mutations

You can breathe wild blasts of lightning.
Your glossy black scales are hard. (AC +6)
You cannot fit into any form of body armour.
You are resistant to electric shocks. (rElec)
You are cold-blooded and may be slowed by cold attacks.
Your large and strong wings let you fly indefinitely.
You have large cloven feet.
You are dopey. (Int -2)


Message History

You feel extremely strange.
You regain control of your magic.
Your vision sharpens.
The antennae on your head shrink away.
You feel stupid.
Your wings grow larger and stronger.
Your feet thicken and deform.
* * * LOW HITPOINT WARNING * * *
You feel sick.
Unknown command.
* * * LOW HITPOINT WARNING * * *
You feel sick.
Okay, then.
* * * LOW HITPOINT WARNING * * *
You feel sick.
* * * LOW HITPOINT WARNING * * *
You feel sick.
Found a scroll of identify.
* * * LOW HITPOINT WARNING * * *
You feel sick.
* * * LOW HITPOINT WARNING * * *
You feel sick.
You die...

#####...)......#.#
#..).......#.#
#......#)#.#.#
#............#
...............#######
......................
....(.......##.#.#....
###........###.#.#.#####
#....##.># #..@.......
## ###.#.##### #.#.# #..
? ###. .. ##


There were no monsters in sight!

Vanquished Creatures
  Sigmund (D:2)
  Duvessa (D:4)
  A sky beast (D:2)
  Dowan (D:4)
  2 scorpions (D:4)
  3 vampire bats (D:3)
  An orc priest (D:4)
  Natasha (D:2)
  Robin (D:2)
  7 gnolls
  7 adders
  An ooze (D:3)
  An adder skeleton (D:3)
  A dart slug (D:2)
  7 leopard geckos
  6 orcs
  A bat skeleton (D:3)
  5 bat zombies (D:3)
  3 giant cockroaches
  15 goblins
  9 hobgoblins
  5 kobolds
  2 quokkas (D:2)
  2 ball pythons
  10 bats
  4 frilled lizards
  7 rats
105 creatures vanquished.

Notes
Turn   | Place    | Note
-------+----------+-------------------------------------------
     0 | D:1      | hawla the Draconian Conjurer began the quest for the Orb.
     0 | D:1      | Reached XP level 1. HP: 14/14 MP: 3/3
   458 | D:1      | Reached XP level 2. HP: 20/20 MP: 0/5
   882 | D:1      | Reached skill level 3 in Spellcasting
  1295 | D:2      | Gained mutation: Scrolls take you a little longer to read.
                  | [potion of mutation]
  1295 | D:2      | Gained mutation: Your spells are a little harder to cast,
                  | but a little more powerful. [potion of mutation]
  1295 | D:2      | Gained mutation: You have a pair of small antennae on your
                  | head. [potion of mutation]
  1299 | D:2      | Learned a level 2 spell: Searing Ray
  1391 | D:2      | Reached XP level 3. HP: 26/26 MP: 4/8
  1523 | D:2      | Noticed a sky beast
  1529 | D:2      | Killed a sky beast
  1529 | D:2      | Reached skill level 5 in Spellcasting
  1529 | D:2      | Reached XP level 4. HP: 15/33 MP: 1/11
  1529 | D:2      | Reached XP level 5. HP: 18/38 MP: 1/12
  1880 | D:2      | Noticed Robin
  1987 | D:2      | Killed Robin
  2598 | D:2      | Noticed Natasha
  2601 | D:2      | Killed Natasha
  2708 | D:2      | Learned a level 4 spell: Iskenderun's Mystic Blast
  2796 | D:2      | Noticed Sigmund
  2807 | D:2      | Killed Sigmund
  2807 | D:2      | Reached skill level 6 in Spellcasting
  2807 | D:2      | Reached XP level 6. HP: 34/45 MP: 4/15
  3233 | D:3      | Found a radiant altar of Vehumet.
  3247 | D:3      | Became a worshipper of Vehumet
  3519 | D:3      | Reached skill level 1 in Translocations
  4116 | D:3      | Found an ancient bone altar of Kikubaaqudgha.
  4124 | D:3      | Your scales start taking on a glossy black colour.
  4124 | D:3      | Reached XP level 7. HP: 49/50 MP: 5/17
  4124 | D:3      | Gained mutation: You are resistant to electric shocks.
                  | (rElec) [Black Draconian growth]
  4344 | D:3      | Reached * piety under Vehumet
  4344 | D:3      | Offered knowledge of Freeze by Vehumet.
  4694 | D:4      | Found a staircase to the Ecumenical Temple.
  4703 | D:4      | Learned a level 1 spell: Freeze
  4857 | D:4      | Reached skill level 7 in Spellcasting
  4959 | D:4      | Found a hide-covered altar of Uskayaw.
  4970 | D:4      | Noticed Duvessa
  4971 | D:4      | Noticed Dowan
  4983 | D:4      | Killed Duvessa
  4985 | D:4      | Killed Dowan
  5024 | D:4      | Lost mutation: Your spells are a little harder to cast, but
                  | a little more powerful. [potion of mutation]
  5024 | D:4      | Lost mutation: Scrolls take you a little longer to read.
                  | [potion of mutation]
  5024 | D:4      | Lost mutation: You have a pair of small antennae on your
                  | head. [potion of mutation]
  5024 | D:4      | Gained mutation: You are dopey. (Int -2) [potion of
                  | mutation]
  5024 | D:4      | Gained mutation: Your large and strong wings let you fly
                  | indefinitely. [potion of mutation]
  5024 | D:4      | Gained mutation: You have large cloven feet. [potion of
                  | mutation]
  5030 | D:4      | HP: 2/50 [poisoned by a scorpion]
  5034 | D:4      | Succumbed to a scorpion's poison

Illustrated notes

Levels and vault maps discovered:
D:1:      lemuel_arrival_cross, layout_loops_corners
D:2:      layout_basic, first_ration, st_stairs_6, uniq_natasha, uniq_robin,
          uniq_sigmund
D:3:      layout_basic, kennysheep_vampire_church, vehumet_crystals
D:4:      layout_basic, tgw_trog, overflow_temple_1_default,
          minmay_temple_entry_proselytizer, uniq_duvessa

Skill      XL: |  1  2  3  4  5  6  7 |
---------------+----------------------+-----
Spellcasting   | 3 5 6 7 |  7.3
Translocations | 2 4 |  4.6
Dodging        | |  1.7
Stealth        | |  1.7
Conjurations   | |  4.0

Action                   |  1- 3 |  4- 6 |  7- 9 || total
-------------------------+-------+-------+-------++-------
Melee: Unarmed           |     8 |     5 |    10 ||    23
       Tailslap          |     1 |       |     2 ||     3
 Cast: Magic Dart        |    42 |    69 |     8 ||   119
       Searing Ray       |     4 |    35 |    16 ||    55
       Iskenderun's Myst |       |       |     2 ||     2
 Abil: Breathe Lightning |       |       |     1 ||     1
  Use: Scroll            |     6 |     2 |       ||     8
       Potion            |     1 |       |     6 ||     7
  Eat: Chunk             |     2 |     8 |     3 ||    13
Armor: Skin              |     4 |    21 |     9 ||    34
Dodge: Dodged            |     6 |    48 |    20 ||    74
